 Dungeon Crawl Stone Soup version 0.27-a0-1591-gc56fcc985a (webtiles) character file.

Game seed: 5486727643129416358

5579 Tocho the Arsonist (level 10, -1/88 HPs)
             Began as an Ogre Fire Elementalist on July 15, 2021.
             Was a Follower of Sif Muna.
             Killed from afar by an electric eel (12 damage)
             ... with a bolt of electricity
             ... on level 10 of the Dungeon on July 19, 2021.
             The game lasted 00:32:38 (15411 turns).

Tocho the Arsonist (Ogre Fire Elementalist)        Turns: 15411, Time: 00:32:39

Health: -1/88      AC:  6    Str: 14    XL:     10   Next: 72%
Magic:  10/22      EV: 10    Int: 19    God:    Sif Muna [*.....]
Gold:   391        SH:  0    Dex:  9    Spells: 9/25 levels left

rFire    + . .     SeeInvis +   m - staff of fire
rCold    . . .     Faith    .   (no shield)
rNeg     . . .     Spirit   .   a - +0 steam dragon scales
rPois    .         Reflect  .   (helmet restricted)
rElec    .         Harm     .   (no cloak)
rCorr    .         Rampage  .   (gloves unavailable)
Will     +....                  (boots unavailable)
Stlth    ++........             (no amulet)
HPRegen  0.24/turn              c - ring of see invisible
MPRegen  0.18/turn              (no ring)

@: hasted, very quick
A: large, unfitting armour, tough skin 1
a: Renounce Religion, Channel Magic


You were on level 10 of the Dungeon.
You worshipped Sif Muna.
Sif Muna was aware of your devotion.
You visited 2 branches of the dungeon, and saw 11 of its levels.

You collected 391 gold pieces.

Inventory:

Hand Weapons
 b - a +0 hand axe
Missiles
 g - 6 atropa-tipped darts
 x - 4 boomerangs of dispersal
Armour
 a - +0 steam dragon scales (worn)
 r - a +0 robe
 z - +0 acid dragon scales
Magical Staves
 m - a staff of fire (weapon)
Jewellery
 c - a ring of see invisible (left hand)
 o - an amulet of guardian spirit
 u - a ring of ice
Wands
 w - a wand of charming (12)
Scrolls
 d - 2 scrolls of immolation
 e - a scroll of torment
 s - 2 scrolls of amnesia
 t - a scroll of summoning {unknown}
 v - 2 scrolls of magic mapping
Potions
 f - a potion of haste
 h - a potion of berserk rage
 i - a potion of attraction
 j - a potion of resistance
 k - a potion of heal wounds {unknown}
 l - 2 potions of flight {unknown}
 n - 2 potions of curing
 p - a potion of ambrosia {unknown}
 q - a potion of cancellation
Miscellaneous
 y - a tin of tremorstones (2/2)


   Skills:
 + Level 2.5 Fighting
 + Level 0.8 Axes
 + Level 2.1 Staves
 + Level 3.4 Dodging
 + Level 3.0 Stealth
 + Level 8.1 Spellcasting
 * Level 8.4 Conjurations
 + Level 1.3 Translocations
 * Level 8.4 Fire Magic


You had 9 spell levels left.
You knew the following spells:

 Your Spells              Type           Power      Damage    Failure   Level
a - Foxfire               Conj/Fire      100%       2x1d9     1%          1
b - Wereblood             Tmut           7%         N/A       14%         2
c - Sticky Flame          Conj/Fire      56%        2d7       2%          4
d - Fireball              Conj/Fire      28%        3d12      8%          5
e - Iskenderun's Mystic   Conj/Tloc      26%        2d7       12%         4

Your spell library contained the following spells:

 Spells                   Type           Power      Damage    Failure   Level
 Conjure Flame            Conj/Fire      56%        6-21      1%          3
 Dazzling Flash           Conj/Hex       46%        N/A       4%          3
 Inner Flame              Hex/Fire       35%        N/A       4%          3
 Beastly Appendage        Tmut           14%        N/A       9%          1
 Summon Small Mammal      Summ           28%        N/A       9%          1
 Corpse Rot               Necr/Air       N/A        N/A       14%         2
 Gell's Gravitas          Tloc           6%         N/A       16%         3
 Lesser Beckoning         Tloc           6%         N/A       16%         3
 Teleport Other           Tloc           12%        N/A       16%         3
 Call Canine Familiar     Summ           7%         N/A       26%         3
 Frozen Ramparts          Ice            14%        1d3       26%         3
 Spider Form              Tmut/Pois      3%         N/A       26%         3
 Summon Guardian Golem    Hex/Summ       7%         N/A       26%         3
 Starburst                Conj/Fire      28%        8x6d9     41%         6
 Dispel Undead            Necr           7%         3d8       65%         4
 Ice Form                 Ice/Tmut       7%         N/A       65%         4
 Summon Ice Beast         Ice/Summ       7%         N/A       65%         4
 Death Channel            Necr           3%         N/A       100%        6


Dungeon Overview and Level Annotations

Branches:
Dungeon (10/15)            Temple (1/1) D:6
   Lair: D:8-11         Orc: D:9-12

Altars:
Ashenzari
Cheibriados
Dithmenos
Elyvilon
Fedhas
Gozag
Hepliaklqana
Kikubaaqudgha
Makhleb
Nemelex Xobeh
Okawaru
Qazlal
Ru
Sif Muna
Trog
Vehumet
Wu Jian
Xom
Yredelemnul
Zin
The Shining One

Shops:
D:2 (*=[(   D:5 =   D:7 [   D:8 [

Annotations:
D:9 1 runed translucent door, DocClef's ghost, novice GnDe


Innate Abilities, Weirdness & Mutations

You are too large for most types of armour.
You have tough skin. (AC +1)


Message History

The wolf bites you but does no damage. The wolf barely misses you.
The wolf bites you but does no damage.
Your extra speed is starting to run out.
The wolf barely misses you. The wolf closely misses you.
You feel yourself slow down. The wolf bites you!
The wolf bites you but does no damage. The wolf barely misses you.
The wolf stops to sniff the ground.
The wolf closely misses you. The wolf bites you.
The wolf pauses to sniff the ground.
The wolf bites you! The wolf closely misses you. The wolf bites you!
* * * LOW HITPOINT WARNING * * *
You feel yourself speed up. The wolf bites you.
* * * LOW HITPOINT WARNING * * *
The wolf bites you!
* * * LOW HITPOINT WARNING * * *
The wolf bites you but does no damage.
A hound comes into view.
The hound barks!
The hound moves out of view.
A hound and an electric eel come into view.
The hound closely misses you.
An electric eel comes into view.
Found 7 gold pieces.
An electric eel comes into view.
The hound barks!
You hear a bark!
You hear a shout! x2
A wolf comes into view.
The electric eel shoots out a bolt of lightning at you!
The bolt of electricity hits you.
* * * LOW HITPOINT WARNING * * *
The wolf howls!
You hear a shout!
The electric eel shoots out a bolt of lightning at you!
The bolt of electricity hits you!
You die...

... #.....#
......... #.....#
........# #..#..#
.≈$...... #..#..#
.≈≈...... #..#..#
.≈≈.....#####..#..#
≈≈≈≈....#...#..#..#
≈;≈≈....#...#..#..#
≈≈≈....@....#..#..#
≈≈≈....hh...####..#
.≈≈≈........#.....#
.≈≈≈........#..####
..≈.h.......#..#
≈h≈;....#...#..#
.≈≈≈....#......#
.≈≈;≈...#......#
≈≈≈.....#......#


You could see 2 wolves, 2 hounds and 3 electric eels.

Vanquished Creatures
  A two-headed ogre (D:10)
  Grinder (D:5)
  A wyvern (D:8)
  A vampire (D:9)
  9 yaks
  A steam dragon (D:8)
  Menkaure (D:4)
  An acid dragon (D:9)
  2 water moccasins
  2 orc warriors
  An ice beast (D:8)
  A black bear (D:5)
  A sky beast (D:5)
  A necrophage (D:7)
  2 ogres
  A centaur (D:8)
  A phantom (D:5)
  Blork the orc (D:4)
  2 bullfrogs
  3 scorpions
  A water moccasin zombie (D:6)
  12 killer bees
  A centaur zombie (D:9)
  4 hounds
  3 jellies
  2 centaur skeletons
  2 orc priests (D:8)
  A bullfrog skeleton (D:6)
  Jessica (D:2)
  An iguana (D:7)
  7 orc wizards
  A hound skeleton (D:4)
  A howler monkey skeleton (D:4)
  3 gnolls (D:4)
  2 adders
  A shadow imp (D:5)
  2 white imps
  An ufetubus (D:5)
  A worm (D:2)
  7 dart slugs
  28 orcs
  8 endoplasms
  3 giant cockroaches
  5 goblins
  6 hobgoblins
  4 jackals
  5 quokkas
  9 ball pythons
  4 bats
  A frilled lizard (D:1)
  8 kobolds
  2 rats (D:1)
171 creatures vanquished.

Vanquished Creatures (collateral kills)
  6 foxfires (D:5)
6 creatures vanquished.

Vanquished Creatures (others)
  692 foxfires
692 creatures vanquished.

Grand Total: 869 creatures vanquished

Notes
Turn   | Place    | Note
-------+----------+-------------------------------------------
     0 | D:1      | Tocho the Ogre Fire Elementalist began the quest for the
                  | Orb.
     0 | D:1      | Reached XP level 1. HP: 16/16 MP: 3/3
   300 | D:1      | Reached skill level 1 in Conjurations
   300 | D:1      | Reached XP level 2. HP: 24/24 MP: 0/5
  1251 | D:1      | Reached XP level 3. HP: 31/31 MP: 7/7
  1607 | D:2      | Found Xutugol's Jewellery Shop.
  1697 | D:2      | Found Nifus's Antique Weapon Boutique.
  1722 | D:2      | Found Ossisautz's Antique Armour Shoppe.
  1748 | D:2      | Found Tyir's Assorted Antiques.
  2004 | D:2      | Found a faded altar of an unknown god.
  2155 | D:2      | Found Wyeler's Antique Weapon Shop.
  2161 | D:2      | Reached XP level 4. HP: 39/39 MP: 3/8
  2299 | D:2      | Noticed Jessica
  2306 | D:2      | Killed Jessica
  2639 | D:3      | Found a hazy altar of Hepliaklqana.
  3018 | D:3      | Found a radiant altar of Vehumet.
  3922 | D:3      | Reached XP level 5. HP: 43/45 MP: 9/9
  4063 | D:4      | Learned a level 2 spell: Wereblood
  4065 | D:4      | Noticed Blork the orc
  4080 | D:4      | Killed Blork the orc
  4410 | D:4      | Reached XP level 6. HP: 54/54 MP: 8/11
  4449 | D:4      | Reached skill level 1 in Fighting
  4635 | D:4      | Found a burning altar of Makhleb.
  5297 | D:4      | Reached XP level 7. HP: 62/62 MP: 10/13
  5666 | D:4      | Found a sparkling altar of Nemelex Xobeh.
  5673 | D:4      | Found a white marble altar of Elyvilon.
  5673 | D:4      | Found a shimmering altar of Xom.
  5674 | D:4      | Noticed Menkaure
  5678 | D:4      | Killed Menkaure
  5679 | D:4      | Reached skill level 5 in Fire Magic
  5713 | D:4      | Found a basalt altar of Yredelemnul.
  5713 | D:4      | Found a bloodstained altar of Trog.
  5713 | D:4      | Found a sparkling altar of Nemelex Xobeh.
  5995 | D:5      | Entered Level 5 of the Dungeon
  5995 | D:5      | Noticed Grinder
  5997 | D:5      | Paralysed by Grinder for 4 turns
  6004 | D:5      | Killed Grinder
  6008 | D:5      | Reached skill level 5 in Spellcasting
  6008 | D:5      | Reached XP level 8. HP: 70/70 MP: 5/15
  6172 | D:5      | Found a glowing silver altar of Zin.
  6176 | D:5      | Found a stormy altar of Qazlal.
  6206 | D:5      | Found a bloodstained altar of Trog.
  6471 | D:5      | Found Tiothuj's Jewellery Shop.
  6753 | D:5      | Reached skill level 5 in Conjurations
  7730 | D:5      | Learned a level 4 spell: Sticky Flame
  7736 | D:5      | Learned a level 5 spell: Fireball
  7752 | D:5      | Found a snail-covered altar of Cheibriados.
  8462 | D:6      | Found a sparkling altar of Nemelex Xobeh.
  8560 | D:6      | Found a staircase to the Ecumenical Temple.
  8615 | Temple   | Entered the Ecumenical Temple
  8949 | Temple   | Became a worshipper of Sif Muna the Loreminder
  9397 | D:7      | Reached XP level 9. HP: 61/78 MP: 6/18
  9748 | D:7      | Found Lunew's Armour Emporium.
 10340 | D:8      | Found Cheibriados's Comfort Zone.
 10342 | D:8      | Found a snail-covered altar of Cheibriados.
 11667 | D:8      | Reached skill level 1 in Staves
 12160 | D:8      | Reached XP level 10. HP: 67/87 MP: 7/20
 12311 | D:8      | Found a blossoming altar of Fedhas.
 12360 | D:8      | Found a basalt altar of Yredelemnul.
 12407 | D:8      | Upgraded the game from 0.27-a0-1557-g57f10a385c to
                  | 0.27-a0-1591-gc56fcc985a
 12445 | D:9      | Noticed DocClef's ghost (novice GnDe)
 12468 | D:9      | Found a runed translucent door.
 12495 | D:9      | Learned a level 4 spell: Iskenderun's Mystic Blast
 12547 | D:9      | Reached * piety under Sif Muna
 13644 | D:9      | Found a runed translucent door.
 14961 | D:9      | Noticed an orc knight
 14973 | D:10     | Entered Level 10 of the Dungeon
 15319 | D:10     | Noticed a two-headed ogre
 15326 | D:10     | Killed a two-headed ogre
 15327 | D:10     | Reached skill level 1 in Translocations
 15411 | D:10     | Killed from afar by an electric eel

Illustrated notes

Levels and vault maps discovered:
D:1:      wheals_arrival_linesprint, layout_basic
D:2:      layout_rooms, serial_shops, shop_fountains, shop, nicolae_shop_trees,
          shop, shop, shapermc_ecumenical_altar_venn, hex_medium,
          kennysheep_jessica_study
D:3:      minmay_inner_zag, layout_basic, amcnicky_altar_gilded,
          mainiacjoe_overflow_brackets, wad_floor_pattern_untrapped,
          minivault_19
D:4:      layout_loops_corners, doesnt_xom_only_xom, bloody_makhleb,
          kennysheep_generic_room_2, uniq_blork_the_orc, uniq_menkaure
D:5:      layout_basic, mainiacjoe_overflow_catwalk,
          mainiacjoe_overflow_tiny_flanked, mainiacjoe_overflow_alcove_2,
          lemuel_coloured_pillars_altar, serial_shops, nicolae_stop_n_shop_1,
          chequers_serial_rivers_room_a, uniq_grinder
D:6:      layout_loops_cross, mainiacjoe_overflow_alcove_1, temple_doors_ab
D:7:      layout_cave_pools, serial_shops, shop
D:8:      layout_cave_pools, kennysheep_mini_moat, kennysheep_little_box,
          minmay_misc_feat_five, minmay_shop_chei,
          eino_small_chamber_without_monster, roderic_roman_lattice
D:9:      layout_rooms, hellmonk_ghost_happy_afterlife, lightli_church_of_beogh
D:10:     layout_grid_maze, nicolae_uskayaw_murder_on_the_dancefloor,
          mainiacjoe_overflow_paths, erik_lair_island
Temple:   compressed_dpeg_triangle_lava_temple

Skill      XL: |  1  2  3  4  5  6  7  8  9 10 |
---------------+-------------------------------+-----
Conjurations   | 1 2 3 4 5 7 8 |  8.4
Fire Magic     | 3 4 5 6 7 8 |  8.4
Dodging        | 2 3 |  3.4
Spellcasting   | 3 4 5 6 7 8 |  8.1
Fighting       | 1 2 |  2.5
Stealth        | 2 3 |  3.0
Staves         | 1 2 |  2.1
Translocations | 1 |  1.3
Axes           | |  0.8

Action                   |  1- 3 |  4- 6 |  7- 9 | 10-12 || total
-------------------------+-------+-------+-------+-------++-------
Melee: Hand axe          |    55 |     3 |       |       ||    58
       Staff             |       |    29 |    33 |    18 ||    80
 Cast: Foxfire           |    52 |   113 |   253 |    23 ||   441
       Fireball          |       |       |     8 |    14 ||    22
       Sticky Flame      |       |       |     2 |     1 ||     3
       Iskenderun's Myst |       |       |       |    24 ||    24
  Use: Scroll            |       |     4 |    10 |     1 ||    15
       Potion            |       |       |     4 |     2 ||     6
 Stab: Sleeping          |     2 |     1 |       |       ||     3
Armor: Robe              |    25 |    11 |     6 |       ||    42
       Steam dragon scal |       |       |     1 |    25 ||    26
Dodge: Dodged            |    37 |    32 |    26 |    59 ||   154

Table legend: (Time is in decaauts)
 A = Elapsed time spent in this place.
 B = Non-inter-level travel time spent in this place.
 C = Inter-level travel time spent in this place.
 D = Time resting spent in this place.
 E = Time spent auto-exploring this place.
 F = Levels seen in this place.
 G = Mean time per level.
                   A        B        C        D        E       F      G
               +--------+--------+--------+--------+--------+-----+--------+
         Total |  15417 |  15057 |    360 |   4481 |   8961 |  11 | 1401.5 |
       Dungeon |  15065 |  14753 |    312 |   4481 |   8661 |  10 | 1506.5 |
        Temple |    351 |    303 |     48 |      0 |    300 |   1 |  351.0 |
               +--------+--------+--------+--------+--------+-----+--------+

Top non-repeatable levels by time:
     D:8: 2540 daAuts
     D:5: 1974 daAuts
     D:4: 1968 daAuts
     D:9: 1616 daAuts
     D:7: 1613 daAuts
     D:1: 1549 daAuts
     D:3: 1539 daAuts
     D:2: 958 daAuts
     D:6: 886 daAuts
    D:10: 418 daAuts
  Temple: 351 daAuts
